 Dungeon Crawl Stone Soup version 0.25.1-2-g60ff931df9 (webtiles) character file.

Game seed: 15197587136128930558

6515 Curus the Carver (level 10, -4/90 HPs)
             Began as a Minotaur Monk on Oct 26, 2020.
             Was a High Priest of the Shining One.
             Slain by a crocodile (12 damage)
             ... on level 2 of the Lair of Beasts.
             The game lasted 00:43:07 (10255 turns).

Curus the Carver (Minotaur Monk)                   Turns: 10255, Time: 00:43:07

Health: -4/90      AC:  8    Str: 16    XL:     10   Next: 69%
Magic:  12/13      EV: 16    Int:  7    God:    the Shining One [*****.]
Gold:   553        SH:  8    Dex: 16    Spells: 9/9 levels left

rFire    . . .     SeeInvis .   d - +0 long sword
rCold    . . .     Gourm    .   (no shield)
rNeg     + + .     Faith    +   f - +0 ring mail
rPois    .         Spirit   .   (helmet restricted)
rElec    .         Reflect  .   q - +0 cloak
rCorr    .         Harm     .   (no gloves)
MR       .....     Clarity  +   k - +1 pair of boots
Stlth    +.........             e - amulet of faith
HPRegen  0.25/turn              (no ring)
MPRegen  0.13/turn              (no ring)

@: mighty, lethally poisoned (-4 -> -6), divine shield, glowing
A: retaliatory headbutt, claws 1, horns 2, clarity
a: Divine Shield, Cleansing Flame, Summon Divine Warrior, Renounce Religion


You were on level 2 of the Lair of Beasts.
You worshipped the Shining One.
The Shining One was extremely pleased with you.
You were not hungry.

You visited 2 branches of the dungeon, and saw 10 of its levels.
You also visited: Sewer.

You collected 553 gold pieces.

Inventory:

Hand Weapons
 a - a +0 falchion
 d - a +0 long sword (weapon)
 s - the +2 long sword "Quw Pash" {drain, *Drain +Rage rPois MP+9}
   (You found it on level 8 of the Dungeon)

   A truly terrible weapon, it drains the life of those it strikes.
   It protects you from poison.
   It affects your magic capacity (+9).
   It lets you go berserk.
   It causes draining when unequipped.
   The Shining One disapproves of the use of such an item.
Armour
 b - a +1 robe
 f - a +0 ring mail (worn)
 k - a +1 pair of boots (worn)
 q - a +0 cloak (worn)
Jewellery
 e - an amulet of faith (around neck)
 m - a -4 ring of strength
Wands
 t - a wand of polymorph (12)
Scrolls
 h - 9 scrolls of identify
 i - 7 scrolls of teleportation
 j - 2 scrolls of amnesia
 l - a scroll of remove curse
 p - 2 scrolls of magic mapping
Potions
 g - a potion of heal wounds
 n - 3 potions of cancellation
 o - 2 potions of might
 u - a potion of haste
 v - a potion of ambrosia
Comestibles
 c - 28 rations
 w - a chunk of flesh


   Skills:
 - Level 8.7 Fighting
 - Level 14.0 Long Blades
 - Level 7.9 Dodging
 - Level 1.5 Stealth
 + Level 6.2 Invocations


You had 9 spell levels left.
You didn't know any spells.
Your spell library was empty.

Dungeon Overview and Level Annotations

Branches:
Dungeon (8/15)             Temple (0/1) D:6            Lair (2/6) D:8
  Sewer (visited)
  Swamp: Lair:2-4    Shoals: Lair:2-4     Snake: Lair:2-4    Spider: Lair:2-4

Altars:
Ashenzari
Cheibriados
Dithmenos
Elyvilon
Gozag
Hepliaklqana
Kikubaaqudgha
Makhleb
Qazlal
Sif Muna
Vehumet
Xom
Yredelemnul
The Shining One

Annotations:
D:7 3 runed translucent doors, DungeonDestroyer's ghost, novice GnFi; TangoThomas's ghost, novice BaAK


Innate Abilities, Weirdness & Mutations

You reflexively headbutt those who attack you in melee.
You have a pair of horns on your head.
You have sharp fingernails.
You possess an exceptional clarity of mind.


Message History

You closely miss the killer bee. The killer bee closely misses you.
You furiously retaliate!
You headbutt the killer bee!
You kill the killer bee!
Your Invocations skill increases to level 6!
The killer bee stings you but does no damage.
You slash the killer bee!
The killer bee is heavily wounded.
The killer bee misses you. You furiously retaliate!
You headbutt the killer bee. The killer bee stings you.
* * * LOW HITPOINT WARNING * * *
You are poisoned.
The killer bee poisons you! You block the killer bee's attack.
You block the crocodile's attack.
You miss the killer bee. You headbutt the killer bee!
You kill the killer bee!
You feel sick. You block the killer bee's attack.
You slash the killer bee!
You kill the killer bee!
The crocodile bites you!
You die...

. ##........## ..
#...........# ...
#............# ....
##..yy##.......#
.....#..#y#.[#.......
.........#.##.#......
........#y## #....#
.......#t## ..#
.......#@#
..<....y#†# ........
#.# ........ #..
........ ##. ........
.. ....... . .......


You could see a crocodile and 2 killer bees.

Vanquished Creatures
  A komodo dragon (Lair:1)
  A queen bee (Lair:2)
  Prince Ribbit (D:7)
  A hippogriff (D:8)
  Sigmund (D:5)
  A steam dragon (Lair:1)
  4 water moccasins (Lair:1)
  2 porcupines (Lair:1)
  3 sky beasts
  3 ice beasts
  4 ogres
  3 centaurs
  2 crocodiles (Lair:1)
  10 big kobolds
  7 bullfrogs
  Blork the orc (D:6)
  11 killer bees
  3 scorpions
  9 wights (D:8)
  2 jellies
  3 howler monkeys (D:8)
  2 crimson imps
  An orc priest (D:4)
  5 hounds
  4 orc wizards
  Crazy Yiuf (D:5)
  2 centaur skeletons (D:7)
  3 iguanas
  Natasha (thrice) (D:4)
  6 worker ants
  2 worker ant zombies
  A gnoll (D:1)
  2 howler monkey skeletons
  13 adders
  3 river rats (Sewer)
  A shadow imp (D:6)
  7 oozes
  9 worms
  4 dart slugs
  6 leopard geckos
  20 orcs
  10 bats
  7 giant cockroaches
  8 hobgoblins
  4 jackals
  3 quokkas (D:8)
  7 ball pythons
  5 frilled lizards
  7 goblins
  A jackal skeleton (D:4)
  25 kobolds
  A leopard gecko skeleton (D:5)
  2 quokka zombies
  9 rats
257 creatures vanquished.

Notes
Turn   | Place    | Note
-------+----------+-------------------------------------------
     0 | D:1      | Curus the Minotaur Monk began the quest for the Orb.
     0 | D:1      | Reached XP level 1. HP: 19/19 MP: 0/0
    59 | D:1      | Reached skill level 4 in Long Blades
   169 | D:1      | Reached XP level 2. HP: 20/26 MP: 1/1
   302 | D:1      | Reached skill level 5 in Long Blades
   350 | D:1      | Reached XP level 3. HP: 31/31 MP: 2/2
   926 | D:2      | Reached skill level 6 in Long Blades
   926 | D:2      | Reached XP level 4. HP: 26/39 MP: 3/3
  1781 | D:2      | Found a stormy altar of Qazlal.
  1838 | D:2      | Gained mutation: You possess an exceptional clarity of
                  | mind. [potion of mutation]
  1838 | D:2      | Gained mutation: You have sharp fingernails. [potion of
                  | mutation]
  2155 | D:3      | Reached skill level 7 in Long Blades
  2155 | D:3      | Reached XP level 5. HP: 38/45 MP: 4/4
  3139 | D:3      | Found a glowing golden altar of the Shining One.
  3146 | D:3      | Became a worshipper of the Shining One
  3146 | D:3      | Reached * piety under the Shining One
  3146 | D:3      | Reached ** piety under the Shining One
  3637 | D:4      | Reached skill level 8 in Long Blades
  3638 | D:4      | Found a glowing drain.
  3645 | D:4      | Reached XP level 6. HP: 42/51 MP: 5/5
  3659 | Sewer    | Entered a sewer
  3926 | Sewer    | Reached skill level 9 in Long Blades
  4072 | Sewer    | Reached XP level 7. HP: 57/57 MP: 6/6
  4132 | Sewer    | Reached skill level 10 in Long Blades
  4438 | Sewer    | Reached skill level 11 in Long Blades
  4567 | D:4      | Found a shadowy altar of Dithmenos.
  4656 | D:4      | Noticed Natasha
  4656 | D:4      | Reached *** piety under the Shining One
  4662 | D:4      | Killed Natasha
  4838 | D:4      | Noticed Natasha
  4842 | D:4      | Killed Natasha
  4842 | D:4      | Reached XP level 8. HP: 64/64 MP: 7/7
  5043 | D:4      | Noticed Natasha
  5047 | D:4      | Killed Natasha
  5258 | D:5      | Entered Level 5 of the Dungeon
  5266 | D:5      | Noticed Sigmund
  5274 | D:5      | Killed Sigmund
  5274 | D:5      | Reached skill level 12 in Long Blades
  5466 | D:5      | Found a runed translucent door.
  5467 | D:5      | Noticed Crazy Yiuf
  5541 | D:5      | Found a shimmering altar of Xom.
  5560 | D:5      | Reached skill level 13 in Long Blades
  5747 | D:5      | Found a snail-covered altar of Cheibriados.
  6041 | D:5      | Killed Crazy Yiuf
  6134 | D:6      | Found a hazy altar of Hepliaklqana.
  6147 | D:6      | Reached XP level 9. HP: 70/70 MP: 8/8
  6340 | D:6      | Reached **** piety under the Shining One
  6341 | D:6      | Found a staircase to the Ecumenical Temple.
  6384 | D:6      | Reached skill level 14 in Long Blades
  6442 | D:6      | Noticed Blork the orc
  6448 | D:6      | Killed Blork the orc
  6985 | D:7      | Found an ancient bone altar of Kikubaaqudgha.
  7122 | D:7      | Found a burning altar of Makhleb.
  7178 | D:7      | Reached skill level 5 in Fighting
  7182 | D:7      | Found a shattered altar of Ashenzari.
  7183 | D:7      | Found an opulent altar of Gozag.
  7185 | D:7      | Found a radiant altar of Vehumet.
  7324 | D:7      | Found a basalt altar of Yredelemnul.
  7324 | D:7      | Found a white marble altar of Elyvilon.
  7438 | D:7      | Reached skill level 5 in Dodging
  7522 | D:7      | Noticed DungeonDestroyer's ghost (novice GnFi)
  7522 | D:7      | Noticed TangoThomas's ghost (novice BaAK)
  7523 | D:7      | Found a runed translucent gate.
  7523 | D:7      | Found a runed translucent gate.
  7523 | D:7      | Found a runed translucent gate.
  7650 | D:7      | Noticed Prince Ribbit
  7664 | D:7      | Killed Prince Ribbit
  8436 | D:8      | Reached XP level 10. HP: 29/88 MP: 9/9
  8864 | D:8      | Found a staircase to the Lair.
  8901 | D:8      | Got a shimmering long sword
  8912 | D:8      | Identified the +2 long sword "Quw Pash" {drain, *Drain
                  | +Rage rPois MP+9} (You found it on level 8 of the Dungeon)
  9255 | D:8      | Reached ***** piety under the Shining One
  9261 | D:8      | Found a shimmering blue altar of Sif Muna.
  9676 | Lair:1   | Entered Level 1 of the Lair of Beasts
  9681 | Lair:1   | Reached skill level 1 in Invocations
 10215 | Lair:1   | Reached skill level 5 in Invocations
 10217 | Lair:1   | You fall into a shaft and drop 1 floor!
 10217 | Lair:2   | Noticed a spiny frog
 10217 | Lair:2   | Noticed an elephant
 10220 | Lair:2   | Noticed an elephant
 10221 | Lair:2   | Noticed a spiny frog
 10226 | Lair:2   | HP: 1/90 [spiny frog (10)]
 10255 | Lair:2   | Slain by a crocodile

Illustrated notes

Levels and vault maps discovered:
D:1:      saegor_arrival_simple_c, layout_loops_ring
D:2:      layout_basic, nicolae_qazlal_general_emergency
D:3:      layout_loops_ring, first_ration, bh_chokoban,
          nicolae_tso_swordbearing_angel
D:4:      layout_gridville, gup_sewer_entry_glass,
          nicolae_dithmenos_through_a_glass_darkly, uniq_natasha
D:5:      layout_gridville, old_standard_altar, dk_vineyard_1,
          kennysheep_slug_shrine, uniq_sigmund, uniq_crazy_yiuf_cottage
D:6:      layout_loops_ring, overflow_temple_1_default,
          minmay_temple_entry_arrows, uniq_blork_the_orc
D:7:      layout_loops_corners, kiku_gazebo_pond_becter, lightli_temple_of_fire,
          grunt_temple_overflow_open, gammafunk_ghost_cemetery,
          uniq_prince_ribbit1
D:8:      layout_loops_corners, lemuel_crystal_altar, lair_entry_dummy,
          blue_anna_alchemist [blue_anna_fruit_fields, blue_anna_fruit_fields],
          minivault_23
Lair:1:   layout_hall_layers, gauntlet_entry_generic, lemuel_fruit_tree
Lair:2:   regret_index_bee_streams, layout_regular_city,
          spider_nest_entry_rubble, chequers_serial_rivers_marsh,
          lemuel_fruit_fields

Skill      XL: |  1  2  3  4  5  6  7  8  9 10 |
---------------+-------------------------------+-----
Long Blades    | 4 5 6 7 8 9 11 13 14 | 14.0
Fighting       | 7 8 |  8.7
Dodging        | 7 |  7.9
Invocations    | 6 |  6.2
Stealth        | |  1.5

Action                   |  1- 3 |  4- 6 |  7- 9 | 10-12 || total
-------------------------+-------+-------+-------+-------++-------
Melee: Falchion          |    63 |   122 |       |       ||   185
       Headbutt          |    12 |    41 |    82 |    30 ||   165
       Long sword        |       |    97 |   380 |   128 ||   605
Invok: Divine Shield     |       |       |       |     1 ||     1
  Use: Scroll            |     3 |     3 |     5 |     2 ||    13
       Potion            |     2 |     7 |     2 |     6 ||    17
 Stab: Sleeping          |     7 |     1 |       |       ||     8
  Eat: Chunk             |       |    10 |    11 |     3 ||    24
       Ration            |       |       |     1 |     1 ||     2
Armor: Ring mail         |     9 |    33 |    77 |    19 ||   138
       Robe              |     1 |       |       |       ||     1
Dodge: Dodged            |    44 |    98 |   178 |    92 ||   412
Block: Other             |       |       |       |     8 ||     8
       Rpst.: Falchion   |     9 |    21 |       |       ||    30
       Long sword        |       |     5 |    51 |    33 ||    89
